Map: Cyber Forest LE

Players

HeroMarine

  • Race: Terran Terran
  • League: Master
  • Spawn Location: 11:00

Lambo - Winner!

  • Race: Zerg Zerg
  • League: Grandmaster
  • Spawn Location: 5:00

Event: 2019 WCS Winter Europe

VOD

Have the link to the VOD?

Description

Time

  • Played on: Feb. 15, 2019, 11:29 a.m.
  • Length: 4:07

All games in this series

Show
View Real Time Build Order
Export as new Build Order

HeroMarine Terran 

Build Orders: Gas First Reaper Expand 

Get SALT Encoding   

  12  0:00  SCV  
  13  0:13  SCV  
  14  0:17  Supply Depot  
  14  0:25  SCV  
  15  0:30  Refinery  
  15  0:39  SCV  
  16  0:43  Barracks  
  16  0:51  SCV  
  17  1:03  SCV  
  18  1:15  SCV  
  19  1:30  Reaper, Orbital Command  
  20  1:42  Command Center  
  20  1:52  Factory  
  20  1:56  SCV  
  21  2:06  Barracks Reactor  
  21  2:08  SCV  
  22  2:11  Supply Depot  
  22  2:15  Refinery  
  22  2:20  SCV  
  23  2:32  SCV  
  23  2:44  SCV  
  23  2:46  Starport  
  23  2:56  SCV  
  24  3:09  SCV  
  24  3:10  Factory Tech Lab  
  25  3:17  Marine x2  
  25  3:19  Orbital Command  
  28  3:28  Viking  
  18  3:49  Marine  
Show
View Real Time Build Order
Export as new Build Order

Lambo Zerg - Winner!

Build Orders: Pool First 

Get SALT Encoding   

  12  0:00  Drone  
  13  0:13  Overlord  
  13  0:17  Drone  
  14  0:31  Drone x2  
  16  0:40  Spawning Pool  
  15  0:44  Drone  
  15  0:48  Drone  
  17  1:09  Hatchery  
  16  1:11  Drone  
  16  1:14  Extractor  
  16  1:17  Drone  
  17  1:27  Zergling x2  
  17  1:28  Zergling x2  
  19  1:34  Roach Warren  
  19  1:39  Drone  
  19  1:48  Queen  
  21  1:56  Overlord  
  21  2:15  Roach x2  
  25  2:22  Roach  
  27  2:26  Roach  
  29  2:33  Roach  
  31  2:44  Queen, Drone  
  32  2:46  Drone  
  32  2:47  Drone  
  34  2:56  Ravager  
  36  2:58  Drone  
  36  3:01  Overlord  
  36  3:19  Overlord  
  36  3:24  Drone x4  
  36  3:25  Drone  
  41  3:27  Drone  
  42  3:38  Drone  
  42  3:39  Drone  
  44  3:47  Drone x2  
Tags
 
Add a new tag
Caveats
  • Supply blocks, unpowered buildings, or Contaminate may cause inaccurate times.
  • Supply counts are checked every 10 seconds.